 Dungeon Crawl Stone Soup version 0.21-a0-529-g8c7b3f5 (webtiles) character file.

385 slep the Chopper (level 6, -1/32 HPs)
             Began as a Vine Stalker Gladiator on Dec 10, 2017.
             Slain by a phantom (6 damage)
             ... on level 3 of the Dungeon.
             The game lasted 00:07:49 (1943 turns).

slep the Chopper (Vine Stalker Gladiator)           Turns: 1943, Time: 00:07:50

Health: -1/32      AC:  4    Str: 17    XL:     6   Next: 77%
Magic:  0/7        EV: 13    Int:  8    God:
Gold:   197        SH:  4    Dex: 17    Spells: 5/5 levels left

rFire    . . .     SeeInvis .   a - +0 war axe
rCold    . . .     Gourm    .   j - +0 buckler
rNeg     + . .     Faith    .   b - +0 leather armour
rPois    .         Spirit   +   c - +0 helmet
rElec    .         Reflect  .   (no cloak)
rCorr    .         Harm     .   (no gloves)
MR       .....                  (no boots)
Stlth    +++.......             (no amulet)
HPRegen  0.50/turn              p - ring of stealth
MPRegen  0.10/turn              u - ring of positive energy

@: no status effects
A: fangs 2, regeneration 1, magic shield, antimagic bite, no potion heal 3, rot
immunity
a: no special abilities


You were on level 3 of the Dungeon.
You were not hungry.

You visited 1 branch of the dungeon, and saw 4 of its levels.

You collected 197 gold pieces.

Inventory:

Hand Weapons
 a - a +0 war axe (weapon)
 n - a +0 blowgun
Missiles
 d - 2 throwing nets (quivered)
 e - 2 javelins
 o - 26 poisoned needles
Armour
 b - a +0 leather armour (worn)
 c - a +0 helmet (worn)
 j - a +0 buckler (worn)
Jewellery
 p - a ring of stealth (left hand)
 u - a ring of positive energy (right hand)
Scrolls
 g - 4 scrolls of remove curse {unknown}
 h - 6 scrolls of identify {unknown}
 i - 2 scrolls of amnesia {unknown}
 k - 2 scrolls of random uselessness {unknown}
 l - 2 scrolls of enchant armour {unknown}
 m - 4 scrolls of teleportation {unknown}
Potions
 r - a potion of might {unknown}
Comestibles
 f - 2 bread rations
 q - a meat ration
 s - 4 fruits
 t - 2 chunks of flesh


   Skills:
 + Level 3.0 Fighting
 + Level 4.8 Axes
 + Level 1.8 Throwing
 + Level 1.4 Armour
 + Level 3.1 Dodging
 + Level 2.1 Stealth
 + Level 1.2 Shields


You had 5 spell levels left.
You didn't know any spells.

Dungeon Overview and Level Annotations

Branches:
Dungeon (4/15)
 Temple: D:4-7

Altars:
Ru


Innate Abilities, Weirdness & Mutations

You have extremely sharp teeth.
Your natural rate of healing is unusually fast.
When hurt, damage is shared between your health and your magic reserves.
Your bite disrupts and absorbs the magic of your enemies.
Potions cannot restore your health.
You are immune to rotting.


Message History

You slash the phantom!
The phantom is heavily damaged.
The phantom closely misses you.
You hit the phantom. Your bite misses the phantom.
The phantom is severely damaged.
The phantom hits you!
* * * LOW HITPOINT WARNING * * *
You hit the phantom. You bite the phantom, but do no damage.
The phantom is severely damaged.
The phantom hits you.
* * * LOW HITPOINT WARNING * * *
There is a stone staircase leading up, spattered with blood here.
The phantom hits you!
* * * LOW HITPOINT WARNING * * *
You climb upwards.
There is a stone staircase leading down, spattered with blood here.
You hit the phantom. Your bite misses the phantom.
The phantom is severely damaged.
The phantom hits you!
You die...

###.....##..............##
##..#)#..##......#.....##
#..##.##.###...#########
#.###.##.###...#
.......#..##..##
.###.#..#.#)...##
.###......[.##..#
..####....#####.##
..#.........^##.@####
....####...#.##)[W..#
...## ###.#.##.....# ..##
#..........# ..#
##.###)....# ..# ###
#.....# ..# #.....# ###
#.....# #.....#


You could see a phantom.

Vanquished Creatures
  An ogre (D:4)
  A bullfrog (D:3)
  A bullfrog skeleton (D:3)
  A gnoll shaman (D:3)
  An orc wizard (D:3)
  2 adders
  6 gnolls
  An ooze (D:3)
  A worm (D:3)
  2 leopard geckos
  6 orcs (D:3)
  3 giant cockroaches
  4 goblins
  6 hobgoblins
  7 jackals
  10 bats
  2 frilled lizards
  8 kobolds
  6 rats
69 creatures vanquished.

Notes
Turn   | Place    | Note
-------+----------+-------------------------------------------
     0 | D:1      | slep the Vine Stalker Gladiator began the quest for the Orb.
     0 | D:1      | Reached XP level 1. HP: 11/11 MP: 2/2
    77 | D:1      | Reached skill level 3 in Axes
    85 | D:1      | Reached XP level 2. HP: 6/15 MP: 1/3
   784 | D:2      | Reached XP level 3. HP: 13/18 MP: 4/4
  1156 | D:2      | Reached skill level 1 in Stealth
  1209 | D:2      | Gained mutation: Your natural rate of healing is unusually fast. [Vine Stalker growth]
  1209 | D:2      | Reached XP level 4. HP: 15/23 MP: 3/5
  1319 | D:3      | Found a sacrificial altar of Ru.
  1456 | D:3      | Reached skill level 4 in Axes
  1456 | D:3      | Reached XP level 5. HP: 12/27 MP: 3/6
  1842 | D:4      | Noticed an ogre
  1880 | D:3      | Reached skill level 1 in Armour
  1880 | D:3      | Reached skill level 1 in Shields
  1880 | D:3      | Reached XP level 6. HP: 10/32 MP: 3/7
  1927 | D:4      | Noticed a phantom
  1943 | D:3      | Slain by a phantom

Vault maps used:
D:1:      nzn_arrival_settlement, grunt_decor_resistance, serial_bayou_lagoon_b
D:2:      kennysheep_nondescript
D:3:      nicolae_ru_awakened_eye, first_bread, minmay_mini_jars
D:4:      gammafunk_temple_of_torment, elyvilon_altar_1

Skill      XL: |  1  2  3  4  5  6 |
---------------+-------------------+-----
Axes           | 3 4 |  4.8
Fighting       | 2 3 |  3.0
Stealth        | 1 2 |  2.1
Dodging        | 3 |  3.1
Armour         | 1 |  1.4
Shields        | 1 |  1.2
Throwing       | |  1.8

Action                   |  1- 3 |  4- 6 || total
-------------------------+-------+-------++-------
Melee: War axe           |    70 |   120 ||   190
       Bite              |    15 |    35 ||    50
Throw: Throwing net      |       |     2 ||     2
 Stab: Sleeping          |     2 |     5 ||     7
       Distracted        |       |     1 ||     1
  Eat: Chunk             |     1 |     3 ||     4
Armor: Leather armour    |    24 |    23 ||    47
Dodge: Dodged            |    48 |    80 ||   128
Block: Buckler           |     7 |    32 ||    39

Table legend:
 A = Spawn XP
 B = Non-spawn XP
 C = Spawn XP percentage of total XP
 D = Spawn monster count
 E = Non-spawn monster count
 F = Spawn count percentage of total count
 G = Total turns spent on level
                    A         B        C        D         E        F      G
               +---------+---------+-------+---------+---------+-------+---------
         Total |       0 |     551 |   0.0 |       0 |      69 |   0.0 |  1943
               +---------+---------+-------+---------+---------+-------+---------
           D:1 |       0 |      30 |   0.0 |       0 |      19 |   0.0 |   688
           D:2 |       0 |      73 |   0.0 |       0 |      15 |   0.0 |   626
           D:3 |       0 |     299 |   0.0 |       0 |      31 |   0.0 |   586
           D:4 |       0 |     149 |   0.0 |       0 |       4 |   0.0 |    43
               +---------+---------+-------+---------+---------+-------+---------
